Map: Ephemeron LE

Players

lovely

  • Race: Terran Terran
  • Spawn Location: 11:00

Blask - Winner!

  • Race: Protoss Protoss
  • Spawn Location: 5:00

Event: NationWars 2019

VOD

Have the link to the VOD?

Description

Time

  • Played on: Sept. 30, 2019, 3:58 p.m.
  • Length: 15:15
Show
View Real Time Build Order
Export as new Build Order

lovely Terran 

Build Orders:  

Get SALT Encoding   

  12  0:01  SCV  
  13  0:13  SCV  
  14  0:20  Supply Depot  
  14  0:25  SCV  
  15  0:42  SCV  
  16  0:43  Barracks  
  16  0:54  SCV  
  17  1:06  SCV  
  18  1:29  Marine  
  18  1:30  Orbital Command  
  19  1:43  Command Center  
  19  1:46  Refinery  
  19  1:49  Marine  
  19  1:53  Supply Depot  
  20  1:56  SCV  
  21  2:07  Barracks  
  21  2:08  SCV  
  21  2:12  Marine  
  23  2:17  Refinery  
  23  2:20  SCV  
  24  2:30  Marine  
  24  2:32  SCV  
  24  2:33  Barracks  
  26  2:45  SCV  
  26  2:48  Marine  
  28  2:56  Barracks Tech Lab  
  28  2:57  SCV  
  28  2:58  Factory  
  29  3:09  SCV  
  30  3:15  Marine  
  30  3:16  Stimpack  
  30  3:17  Marine  
  32  3:21  SCV  
  31  3:33  SCV  
  30  3:45  SCV  
  31  3:49  Marauder  
  31  3:55  Bunker  
  33  3:57  SCV  
  33  3:58  Barracks Reactor  
  34  4:06  Barracks Tech Lab  
  34  4:09  SCV  
  35  4:11  Starport  
  35  4:14  Marauder  
  37  4:21  SCV  
  38  4:25  Orbital Command  
  38  4:28  Factory Tech Lab  
  38  4:33  SCV  
  38  4:34  Refinery  
  38  4:35  Marine  
  40  4:39  Marine x2  
  42  4:45  SCV  
  42  4:51  Marine  
  42  4:52  SCV  
  45  4:58  SCV  
  45  4:59  Raven, Supply Depot  
  48  5:00  Marine  
  48  5:01  Marine  
  48  5:04  SCV  
  48  5:06  Combat Shield  
  51  5:12  Marauder  
  53  5:17  SCV  
  53  5:21  Marauder  
  56  5:22  Supply Depot  
  56  5:23  Factory Tech Lab  
  56  5:25  SCV  
  57  5:31  SCV  
  57  5:33  Supply Depot, Marine  
  57  5:35  Concussive Shells  
  59  5:37  Marine  
  59  5:38  SCV  
  61  5:43  Marauder  
  63  5:51  SCV  
  63  5:52  Siege Tank  
  63  5:55  Starport Reactor  
  63  5:56  Marine  
  63  5:57  Marine  
  68  6:02  Marauder  
  68  6:03  SCV  
  72  6:08  Supply Depot  
  72  6:13  Marauder  
  72  6:14  Engineering Bay  
  74  6:19  SCV  
  74  6:21  SCV  
  74  6:23  Marine  
  77  6:28  Supply Depot  
  77  6:29  Siege Tank  
  77  6:31  Medivac  
  77  6:32  Medivac  
  84  6:37  Supply Depot, Marauder  
  86  6:47  Refinery  
  86  6:48  Terran Infantry Weapons Level 1  
  86  6:50  SCV, Marine x2  
  86  6:51  Supply Depot  
  89  6:54  Supply Depot  
  89  6:58  SCV  
  89  7:00  Marauder  
  92  7:03  Marauder  
  92  7:05  Viking  
  96  7:09  SCV  
  96  7:10  SCV  
  96  7:12  Viking  
  96  7:14  Marine  
  101  7:20  Marine  
  101  7:22  SCV  
  103  7:26  Supply Depot  
  103  7:29  Supply Depot  
  103  7:33  Marauder x2, Marine  
  103  7:35  SCV  
  109  7:39  Siege Tank, Marine  
  113  7:45  SCV, Viking  
  105  7:59  Marine  
  105  8:00  Marauder  
  105  8:02  SCV  
  105  8:05  Viking  
  109  8:12  Marauder, Marine  
  101  8:15  SCV  
  88  8:20  Command Center  
  88  8:22  Marauder, Marine  
  88  8:23  SCV  
  83  8:27  SCV  
  83  8:29  Marine  
  83  8:34  Marauder  
  86  8:35  SCV  
  86  8:39  SCV, Siege Tank, Marine  
  82  8:43  Terran Infantry Armor Level 1  
  82  8:44  Marauder  
  82  8:47  SCV, Marine  
  86  8:52  Barracks  
  86  8:57  Marauder  
  86  8:58  Barracks  
  86  9:00  Marine  
  89  9:04  Viking  
  89  9:08  Marauder  
  89  9:09  SCV  
  94  9:13  SCV  
  94  9:14  Marine  
  96  9:19  Siege Tank  
  96  9:21  Marine  
  100  9:26  Marauder  
  102  9:33  Viking  
  102  9:38  Viking  
  106  9:42  Barracks Reactor  
  106  9:43  Marine  
  106  9:45  SCV  
  108  9:46  SCV  
  108  9:52  Marauder x2  
  113  9:56  Marine  
  113  9:58  SCV  
  115  10:06  Marauder, Marine  
  118  10:07  SCV  
  118  10:13  Medivac x2  
  123  10:19  Marine x3  
  126  10:23  Planetary Fortress  
  126  10:26  SCV, Marine  
  126  10:27  Armory  
  126  10:28  Engineering Bay, SCV  
  129  10:38  SCV  
  129  10:40  SCV  
  108  10:48  Marine  
  108  10:49  Marauder  
  97  10:52  Marauder, Marine x4  
  97  10:53  SCV  
  97  10:54  Siege Tank  
  97  10:55  SCV  
  108  11:02  SCV  
  105  11:06  Medivac x2, Marine  
  105  11:09  SCV, Marine  
  105  11:10  Marauder x2, Marine x2  
  118  11:14  SCV, Marauder  
  118  11:15  Barracks  
  118  11:18  Terran Infantry Armor Level 2  
  121  11:21  Terran Infantry Weapons Level 2  
  121  11:26  Barracks, Siege Tank  
  121  11:27  Barracks, SCV  
  121  11:29  Marine x2  
  121  11:30  Marine  
  128  11:33  Marauder  
  128  11:34  Marine  
  128  11:37  Marine  
  132  11:41  Ghost Academy  
  132  11:42  Marauder  
  134  11:48  Marine  
  134  11:53  Viking  
  134  11:54  Medivac  
  139  11:56  Marauder  
  139  12:00  Marine x2  
  139  12:01  Supply Depot x2, Marine  
  146  12:06  Command Center  
  144  12:10  Ghost  
  144  12:13  Ghost  
  147  12:19  Refinery  
  147  12:20  Barracks Tech Lab  
  147  12:23  Ghost, Refinery, Marine x2  
  151  12:35  Barracks Tech Lab  
  151  12:36  Marine x2  
  153  12:38  Ghost  
  153  12:43  Command Center  
  155  12:46  Ghost  
  157  12:55  Ghost  
  157  12:56  Marauder, Marine x3  
  157  12:57  Marine  
  165  13:02  Supply Depot  
  165  13:03  Supply Depot  
  165  13:15  Ghost, SCV, Supply Depot x2, Marine x2  
  165  13:17  Ghost  
  165  13:18  Marine x2  
  165  13:19  Marine  
  155  13:24  Ghost  
  155  13:26  Viking  
  159  13:33  Viking  
  161  13:42  Ghost  
  161  13:45  Marauder x2  
  161  13:47  Marauder  
  169  13:50  Marine x4  
  169  13:53  Refinery  
  172  14:10  Ghost x2  
  168  14:22  Ghost x2, SCV x2  
  168  14:24  Viking x2  
  176  14:30  Marauder  
  180  14:35  SCV  
  181  14:39  Marauder x2  
  181  14:44  Marine  
  174  14:50  Marine  
  174  14:52  Marauder x2, Marine  
  135  14:53  Marauder  
Show
View Real Time Build Order
Export as new Build Order

Blask Protoss - Winner!

Build Orders: Colossus Rush 

Get SALT Encoding   

  12  0:00  Probe  
  13  0:12  Probe  
  14  0:17  Pylon  
  14  0:25  Probe (Chrono Boost)  
  15  0:37  Probe (Chrono Boost)  
  15  0:40  Gateway  
  16  0:45  Probe (Chrono Boost)  
  17  0:50  Assimilator  
  17  0:51  Probe  
  18  1:03  Probe  
  19  1:15  Probe  
  19  1:30  Cybernetics Core  
  19  1:32  Probe  
  20  1:36  Pylon  
  20  1:44  Probe  
  21  1:52  Nexus  
  21  1:58  Assimilator  
  21  2:01  Probe  
  21  2:05  Adept (Chrono Boost)  
  24  2:13  Probe  
  25  2:31  Robotics Facility  
  25  2:32  Warp Gate  
  25  2:34  Adept  
  27  2:37  Probe  
  28  2:53  Probe  
  28  3:04  Adept  
  28  3:05  Probe (Chrono Boost)  
  31  3:08  Probe (Chrono Boost)  
  32  3:17  Probe (Chrono Boost)  
  32  3:19  Probe (Chrono Boost)  
  34  3:23  Probe (Chrono Boost)  
  36  3:27  Observer, Probe  
  36  3:33  Probe  
  38  3:38  Robotics Bay  
  38  3:39  Pylon  
  38  3:41  Probe  
  37  3:42  Shield Battery  
  37  3:46  Probe (Chrono Boost)  
  38  3:49  Warp Prism  
  38  3:53  Probe (Chrono Boost)  
  42  4:03  Probe (Chrono Boost)  
  42  4:04  Probe (Chrono Boost)  
  43  4:11  Probe, Gateway  
  43  4:12  Probe, Gateway  
  43  4:15  Pylon  
  45  4:20  Sentry  
  47  4:27  Probe  
  54  4:31  Disruptor (Chrono Boost)  
  54  4:37  Extended Thermal Lance  
  54  4:38  Probe  
  52  4:40  Probe, Assimilator  
  52  4:41  Assimilator  
  52  4:43  Forge  
  53  4:50  Pylon, Probe  
  54  4:53  Probe  
  54  4:58  Pylon  
  55  5:02  Colossus (Chrono Boost), Probe  
  62  5:08  Probe  
  64  5:14  Probe  
  64  5:18  Protoss Ground Weapons Level 1 (Chrono Boost)  
  64  5:20  Probe  
  65  5:25  Pylon  
  65  5:31  Zealot  
  65  5:32  Zealot x2  
  65  5:33  Observer  
  71  5:36  Pylon  
  71  5:42  Colossus (Chrono Boost)  
  77  5:51  Twilight Council  
  77  6:00  Nexus  
  77  6:02  Shield Battery  
  77  6:10  Stalker x3  
  83  6:14  Pylon  
  83  6:20  Probe  
  83  6:22  Probe  
  86  6:32  Probe  
  86  6:34  Probe, Observer  
  88  6:45  Probe  
  90  6:47  Probe  
  90  6:48  Charge (Chrono Boost)  
  90  6:50  Gateway x2  
  90  6:54  Templar Archives, Gateway  
  90  6:55  Gateway  
  90  6:57  Gateway  
  90  7:03  Probe  
  91  7:12  Stalker x3  
  97  7:22  Disruptor  
  97  7:24  Protoss Ground Armor Level 1 (Chrono Boost)  
  100  7:36  Pylon  
  100  7:38  Pylon  
  99  7:49  Stalker x3  
  99  7:50  Zealot x3  
  94  8:06  Zealot x2  
  92  8:13  Zealot  
  92  8:17  Zealot x5  
  83  8:32  Observer  
  83  8:33  Probe  
  78  8:35  Nexus  
  78  8:36  Zealot  
  78  8:37  Zealot x2  
  80  8:45  Observer, Probe  
  80  8:48  Psionic Storm  
  81  8:55  High Templar x2  
  81  8:56  High Templar x3  
  81  8:57  Probe  
  81  8:58  Probe  
  93  9:03  Forge  
  93  9:09  Probe  
  94  9:10  Probe  
  94  9:11  High Templar  
  94  9:12  Zealot x2  
  101  9:17  Archon x3  
  101  9:21  Probe  
  101  9:22  Probe  
  103  9:28  Assimilator x2  
  103  9:33  Probe  
  103  9:34  Probe  
  105  9:44  High Templar x2  
  105  9:45  Zealot x4  
  117  9:51  Zealot x2  
  117  9:52  Archon  
  121  9:58  Protoss Ground Weapons Level 2 (Chrono Boost), Protoss Ground Armor Level 2 (Chrono Boost)  
  121  10:00  Pylon  
  121  10:01  Pylon  
  121  10:05  Pylon  
  121  10:16  Pylon  
  120  10:25  Zealot  
  120  10:26  Zealot x3  
  120  10:27  High Templar x2, Zealot  
  134  10:29  Colossus (Chrono Boost)  
  106  10:56  Nexus  
  106  10:57  Pylon  
  100  11:05  High Templar x2  
  97  11:11  Zealot x4  
  97  11:12  Zealot x2  
  97  11:16  Colossus (Chrono Boost)  
  115  11:18  Photon Cannon  
  115  11:26  Robotics Facility  
  115  11:32  Pylon  
  115  11:40  High Templar x2  
  115  11:41  Zealot x6  
  131  11:59  Pylon  
  131  12:03  Observer (Chrono Boost)  
  132  12:10  Zealot x2  
  132  12:11  Stalker x4  
  132  12:12  Protoss Ground Weapons Level 3 (Chrono Boost)  
  132  12:14  Blink (Chrono Boost)  
  144  12:21  Probe x3  
  144  12:22  Protoss Ground Armor Level 3 (Chrono Boost), Probe  
  148  12:29  Assimilator  
  148  12:30  Assimilator  
  148  12:34  Probe  
  148  12:35  Probe  
  149  12:37  Dark Shrine  
  149  12:39  High Templar  
  151  12:47  Warp Prism (Chrono Boost)  
  159  12:53  Colossus (Chrono Boost)  
  159  13:02  Zealot x3  
  165  13:07  Probe  
  165  13:08  Probe x2  
  168  13:20  Zealot x5  
  178  13:41  Gravitic Drive  
  178  13:44  Probe x2, High Templar, Photon Cannon  
  178  13:46  Pylon, Photon Cannon  
  182  13:48  Photon Cannon  
  182  13:59  Stalker x6  
  190  14:23  Disruptor x2  
  192  14:27  Zealot x3  
  192  14:31  Photon Cannon  
  198  14:33  Photon Cannon  
  198  14:35  Gateway  
  198  14:36  Gateway  
  194  14:42  Nexus  
  194  14:44  Pylon  
Tags
 
Add a new tag
Caveats
  • Supply blocks, unpowered buildings, or Contaminate may cause inaccurate times.
  • Supply counts are checked every 10 seconds.